 Dungeon Crawl Stone Soup version 0.29.1-15-g9cfb28693d (webtiles) character file.

Game seed: 13631281091862507673

563 Kamala the Ruffian (level 7, -3/70 HPs)
             Began as a Troll Gladiator on Apr 25, 2023.
             Slain by Eustachio
             ... wielding a +3 rapier of draining
              (6 damage)
             ... on level 4 of the Dungeon.
             The game lasted 00:03:35 (851 turns).

Kamala the Ruffian (Troll Gladiator)                 Turns: 851, Time: 00:03:36

Health: -3/70      AC:  0    Str: 23      XL:     7   Next: 10%
Magic:  5/9        EV: 12    Int:  6      God:
Gold:   68         SH:  0    Dex:  9 (11) Spells: 10/11 levels left

rFire   . . .      SeeInvis .     - Unarmed
rCold   . . .      Faith    .   (shield currently unavailable)
rNeg    . . .      Spirit   .   (body armour currently unavailable)
rPois   .          Reflect  .   (helmet currently unavailable)
rElec   .          Harm     .   (cloak currently unavailable)
rCorr   .          Rampage  .   (gloves unavailable)
Will    .....                   (boots unavailable)
Stlth   ++........              (no amulet)
HPRegen 1.01/turn               (ring currently unavailable)
MPRegen 0.11/turn               (ring currently unavailable)

@: lethally poisoned (-3 -> -5), pig-form, constricted, very quick
A: fast, no casting, small, unfitting armour, (claws 3), regeneration 1, (shaggy
fur 1), (tough skin 1)
a: no special abilities


You were on level 4 of the Dungeon.
You were a filthy swine.
You visited 1 branch of the dungeon, and saw 4 of its levels.

You collected 68 gold pieces.

Inventory:

Missiles
 c - 2 throwing nets (quivered)
 d - a large rock
 l - 3 boomerangs of dispersal
Armour
 a - a +0 robe (melded)
 b - a +0 hat (melded)
 g - a +1 cloak (melded)
Scrolls
 f - a scroll of amnesia {unknown}
 i - a scroll of enchant weapon {unknown}
 k - 3 scrolls of teleportation {unknown}
Potions
 e - a potion of might {unknown}
 j - a potion of curing {unknown}


   Skills:
 * Level 4.0 Fighting
 * Level 4.4 Throwing
 * Level 3.4 Armour
 * Level 4.9 Dodging
 * Level 2.5 Stealth
 * Level 6.1 Unarmed Combat
 * Level 2.5 Spellcasting
 * Level 3.1 Transmutations
 * Level 3.1 Poison Magic


You had 10 spell levels left.
You knew the following spells:

 Your Spells              Type           Power      Damage    Failure   Level
a - Sting                 Tmut/Pois      16%        1d3       11%         1

Your spell library contained the following spells:

 Spells                   Type           Power      Damage    Failure   Level
 Poisonous Vapours        Pois/Air       4%         N/A       30%         2
 Necrotise                Necr           0%         1d4       36%         1
 Olgreb's Toxic Radiance  Pois           4%         N/A       71%         4
 Gell's Gravitas          Tloc           0%         N/A       75%         3
 Teleport Other           Tloc           0%         N/A       75%         3
 Vampiric Draining        Necr           0%         2d6       75%         3
 Agony                    Necr           0%         N/A       100%        5
 Dispersal                Tloc           0%         N/A       100%        6


Dungeon Overview and Level Annotations

Branches:
Dungeon (4/15)
 Temple: D:4-7

Altars:
Dithmenos
Kikubaaqudgha
Qazlal
Sif Muna
Vehumet

Annotations:
D:4 Eustachio


Innate Abilities, Weirdness & Mutations

You are a filthy swine.
You move quickly.
Your equipment is almost entirely melded.
You are incapable of wielding weapons or throwing items.
You cannot cast spells.
You are too large for most types of armour.
((You have claws for hands.))
Your natural rate of healing is unusually fast.
((You are covered in fur. (AC +1)))
((You have tough skin. (AC +1)))


Message History

You are poisoned.
The adder poisons you!
You hit Eustachio.
Eustachio is heavily wounded.
You feel sick.
The quasit barely misses you. x2; The quasit claws you.
* * * LOW HITPOINT WARNING * * *
You feel clumsy. The river rat bites you.
* * * LOW HITPOINT WARNING * * *
The iron imp barely misses you. The ball python barely misses you.
The ball python constricts you.
* * * LOW HITPOINT WARNING * * *
The adder bites you.
* * * LOW HITPOINT WARNING * * *
You are more poisoned.
The adder poisons you!
Eustachio struggles against the net.
The net rips apart, and Eustachio comes free!
It was a potion of experience.
You feel more experienced!
Your Fighting skill gained 2 levels and is now at level 4!
Your Throwing skill gained 2 levels and is now at level 4!
Your Armour skill gained 2 levels and is now at level 3!
Your Dodging skill increases to level 4!
Your Stealth skill gained 2 levels and is now at level 2!
Your Unarmed Combat skill gained 2 levels and is now at level 6!
Your Spellcasting skill gained 2 levels and is now at level 2!
Your Transmutations skill gained 3 levels and is now at level 3!
Your Poison Magic skill gained 3 levels and is now at level 3!
You have reached level 7!
You feel very sick. The quasit bites you.
* * * LOW HITPOINT WARNING * * *
The quasit barely misses you. The quasit claws you.
* * * LOW HITPOINT WARNING * * *
The adder barely misses you. The river rat bites you.
* * * LOW HITPOINT WARNING * * *
The ball python completely misses you. The ball python constricts you.
* * * LOW HITPOINT WARNING * * *
Eustachio hits you with a +3 rapier of draining.
You die...

#.# #.#.# ... ..#.# ..#
#.# #.#.# ..#+#####+ #.#
#.#.# #.........
#.####.#.###.##.......).
..†........^.##.........
#.##.###.######.........
..##.#....#####55S......
####+###.......$h@5.....
..............r.S......
..........########....#
..........# ...#
..........# ###
..........# ..........#
..........#


You could see Eustachio, an iron imp (summoned), a quasit (summoned), an adder,
a river rat (summoned), a shadow imp (summoned) and a ball python.

Vanquished Creatures
  2 orc priests (D:3)
  7 orc wizards (D:3)
  3 adders
  A dart slug (D:2)
  An orc (D:3)
  5 endoplasms
  A giant cockroach (D:1)
  3 goblins
  A quokka (D:2)
  3 ball pythons
  3 bats (D:1)
  2 frilled lizards
  A kobold (D:1)
  3 rats
36 creatures vanquished.

Vanquished Creatures (others)
  An orc wizard (D:3)
1 creature vanquished.

Grand Total: 37 creatures vanquished

Notes
Turn   | Place    | Note
-------+----------+-------------------------------------------
     0 | D:1      | Kamala the Troll Gladiator began the quest for the Orb.
     0 | D:1      | Reached XP level 1. HP: 19/19 MP: 0/0
   184 | D:1      | Reached XP level 2. HP: 28/28 MP: 1/1
   288 | D:2      | Found a stormy altar of Qazlal.
   313 | D:2      | Reached XP level 3. HP: 35/35 MP: 2/2
   365 | D:3      | Learned a level 1 spell: Sting
   407 | D:3      | Reached XP level 4. HP: 31/42 MP: 3/3
   416 | D:3      | Found a shadowy altar of Dithmenos.
   530 | D:3      | Found an ancient bone altar of Kikubaaqudgha.
   548 | D:3      | Reached XP level 5. HP: 44/49 MP: 4/4
   552 | D:3      | Reached skill level 4 in Unarmed Combat
   575 | D:3      | Got Kikubaaqudgha's Treatise on Darkness
   585 | D:3      | Found a shimmering blue altar of Sif Muna.
   591 | D:3      | Reached skill level 1 in Armour
   603 | D:3      | Found a radiant altar of Vehumet.
   611 | D:3      | Reached XP level 6. HP: 57/57 MP: 5/5
   838 | D:4      | Noticed Eustachio
   851 | D:4      | Reached skill level 6 in Unarmed Combat
   851 | D:4      | Reached XP level 7. HP: 12/70 MP: 5/9
   851 | D:4      | HP: 3/70 [constriction (1)]
   851 | D:4      | Slain by Eustachio

Illustrated notes

Levels and vault maps discovered:
D:1:      wheals_arrival_linesprint, layout_basic,
          ebering_ecumenical_altar_rust, dk_noncrumbling_4
D:2:      layout_basic, basic_altar, minmay_tiny_reverse_x, uniq_terence
D:3:      layout_loops_ring, palyth_temple_overflow_mages,
          nicolae_overflow_crystal_walls, serial_shops, nicolae_shop_crystal,
          nicolae_shop_stone, shop, minmay_pentangle
D:4:      layout_basic, zin_treasury, uniq_menkaure, uniq_eustachio

Skill      XL: |  1  2  3  4  5  6 |
---------------+-------------------+-----
Throwing       | 2 4 |  4.4
Dodging        | 3 4 |  4.9
Fighting       | 2 4 |  4.0
Unarmed Combat | 4 6 |  6.1
Armour         | 1 3 |  3.4
Stealth        | 2 |  2.5
Spellcasting   | 2 |  2.5
Transmutations | 3 |  3.1
Poison Magic   | 3 |  3.1

Action                   |  1- 3 |  4- 6 |  7- 9 || total
-------------------------+-------+-------+-------++-------
Melee: Unarmed           |    59 |    56 |       ||   115
       Punch             |     1 |     1 |       ||     2
Throw: Throwing net      |       |     1 |       ||     1
 Cast: Sting             |     1 |     1 |       ||     2
  Use: Potion            |       |     1 |       ||     1
 Stab: Sleeping          |       |     2 |       ||     2
       Held in net/web   |       |     2 |       ||     2
Armor: Robe              |    25 |    26 |       ||    51
Dodge: Dodged            |    43 |    28 |     3 ||    74
